 Dungeon Crawl Stone Soup version 0.31-a0-1144-g99969ba1bc (webtiles) character file.

Game seed: 3505289323675913339

7 protoss039 the Digger (level 1, 0/14 HPs)
             Began as a Demonspawn Earth Elementalist on Dec 6, 2023.
             Slain by a jackal (2 damage)
             ... on level 1 of the Dungeon.
             The game lasted 00:00:51 (139 turns).

protoss039 the Digger (DsEE)                         Turns: 139, Time: 00:00:52

Health: 0/14       AC:  2    Str:  8    XL:     1   Next: 83%
Magic:  1/3        EV: 12    Int: 15    God:
Gold:   34         SH:  0    Dex: 13    Spells: 3/4 levels left

rFire   . . .        c - +0 hand axe
rCold   . . .        (no shield)
rNeg    . . .        a - +0 robe
rPois   .            (no helmet)
rElec   .            (no cloak)
rCorr   .            (no gloves)
SInv    .            (no boots)
Will    .....        (no amulet)
Stlth   ++           (no ring)
HPRegen 0.22/turn    (no ring)
MPRegen 0.08/turn

%: no passive effects
@: no status effects
A: no striking features
a: no special abilities


You were on level 1 of the Dungeon.
You visited 1 branch of the dungeon, and saw 1 of its levels.

You collected 34 gold pieces.

Inventory:

Hand Weapons
 c - a +0 hand axe (weapon)
Armour
 a - a +0 robe (worn)
Scrolls
 d - a scroll of identify {unknown}
Potions
 b - a potion of magic


   Skills:
 + Level 0.6 Fighting
 - Level 1.7 Dodging
 - Level 1.7 Stealth
 + Level 2.2 Spellcasting
 - Level 0.8 Transmutations
 + Level 2.8 Earth Magic


You had 3 spell levels left.
You knew the following spells:

 Your Spells              Type           Power      Damage    Failure   Level
a - Sandblast             Erth           20%        2d7       7%          1

Your spell library contained the following spells:

 Spells                   Type           Power      Damage    Failure   Level
 Passwall                 Tmut/Erth      5%         N/A       16%         2
 Stone Arrow              Conj/Erth      10%        3d7       36%         3
 Petrify                  Tmut/Erth      7%         N/A       71%         4
 Brom's Barrelling Bould  Conj/Erth      5%         2d3       77%         4


Dungeon Overview and Level Annotations

Branches:
Dungeon (1/15) Zot: 5854

Altars:

Shops:
D:1 :


Message History

You barely miss the jackal.
The jackal is almost dead.
You closely miss the jackal. You barely miss the jackal.
The jackal bites you but does no damage.
The jackal closely misses you. The jackal barely misses you.
The jackal closely misses you. The jackal bites you.
You barely miss the jackal.
The jackal is almost dead.
You closely miss the jackal. You barely miss the jackal.
The jackal barely misses you.
The jackal bites you but does no damage.
The jackal barely misses you. The jackal bites you. x2
The jackal barely misses you.
You closely miss the jackal.
The jackal is almost dead.
You barely miss the jackal. You hit the jackal but do no damage.
The jackal misses you.
The jackal bites you but does no damage.
The jackal closely misses you. The jackal misses you. x2
Unknown command.
Unknown command.
You hit the jackal but do no damage.
The jackal is almost dead.
You hit the jackal but do no damage. You hit the jackal.
You kill the jackal!
The jackal bites you.
* * * LOW HITPOINT WARNING * * *
The jackal bites you but does no damage.
The jackal bites you.
* * * LOW HITPOINT WARNING * * *
The jackal barely misses you.
Unknown command.
Unknown command.
You hit the jackal but do no damage.
The jackal is almost dead.
You hit the ball python. You hit the jackal. The ball python bites you.
* * * LOW HITPOINT WARNING * * *
The ball python closely misses you. The jackal closely misses you.
The jackal bites you.
You die...

#. #...#.∩....#.....
#. #....†###...##..
#. #...............
##. ##...............
#.. #.......###.##...
#..###.#...####.###..
##..##...............
#..Sh#...#######.####
#...#@h...# .#
#h..S.###....# .#
##._†# ##....... .#
#...? .....##.# .#
...# ....### .# ..#
....# .# .# #...#
#####


You could see 2 jackals and a ball python.

Vanquished Creatures
  A bat (D:1)
  A hobgoblin (D:1)
  A jackal (D:1)
  3 ball pythons (D:1)
  A rat (D:1)
7 creatures vanquished.

Notes
Turn   | Place    | Note
-------+----------+-------------------------------------------
     0 | D:1      | protoss039 the Demonspawn Earth Elementalist began the
                  | quest for the Orb.
     0 | D:1      | Reached XP level 1. HP: 13/13 MP: 3/3
    69 | D:1      | Found Buebec's Book Emporium.
   123 | D:1      | Found a faded altar of an unknown god.
   139 | D:1      | Slain by a jackal

Illustrated notes

Levels and vault maps discovered:
D:1:      wander_arrival_abandoned_jail, layout_loops_ring,
          nicolae_ecumenical_snake_handling, serial_shops, shop

Action                     || total
---------------------------++-------
  Melee: Hand axe          ||    11
   Cast: Sandblast         ||     6
   Stab: Sleeping          ||     1
 Armour: Robe              ||    16
  Dodge: Dodged            ||    26

Table legend: (Time is in decaauts)
 A = Elapsed time spent in this place.
 B = Non-inter-level travel time spent in this place.
 C = Inter-level travel time spent in this place.
 D = Time resting spent in this place.
 E = Time spent auto-exploring this place.
 F = Levels seen in this place.
 G = Mean time per level.
                   A        B        C        D        E       F      G
               +--------+--------+--------+--------+--------+-----+--------+
         Total |    144 |    144 |      0 |      0 |     83 |   1 |  144.0 |
       Dungeon |    144 |    144 |      0 |      0 |     83 |   1 |  144.0 |
               +--------+--------+--------+--------+--------+-----+--------+

Top non-repeatable levels by time:
     D:1: 144 daAuts
